 Dungeon Crawl Stone Soup version 0.28.0-53-g5a82cb258f (webtiles) character file.

Game seed: 12769768113363677773

110 RenegadeRun the Skirmisher (level 4, 0/37 HPs)
             Began as a Demonspawn Abyssal Knight on June 1, 2022.
             Was a Follower of Lugonu.
             Slain by a gnoll
             ... wielding a +0 spear
              (3 damage)
             ... on level 3 of the Dungeon.
             The game lasted 00:24:06 (2207 turns).

RenegadeRun the Skirmisher (DsAK)                   Turns: 2207, Time: 00:24:08

Health: 0/37       AC:  8    Str: 15    XL:     4   Next: 61%
Magic:  6/6        EV: 10    Int: 12    God:    Lugonu [*.....]
Gold:   75         SH:  0    Dex: 13    Spells: 3/3 levels left

rFire   . . .      SeeInvis .   a - +1 spear
rCold   . . .      Faith    .   (no shield)
rNeg    . . .      Spirit   .   m - +2 ring mail {rPois}
rPois   +          Reflect  .   (no helmet)
rElec   .          Harm     .   (no cloak)
rCorr   .          Rampage  .   l - +0 pair of gloves
Will    .....                   (no boots)
Stlth   +.........              (no amulet)
HPRegen 0.12/turn               (no ring)
MPRegen 0.20/turn               (no ring)

@: no status effects
A: magic regeneration, weakness stinger 2
a: Renounce Religion, Depart the Abyss


You were on level 3 of the Dungeon.
You worshipped Lugonu.
Lugonu was aware of your devotion.
You visited 1 branch of the dungeon, and saw 3 of its levels.
You visited the Abyss 1 time.

You collected 75 gold pieces.

Inventory:

Hand Weapons
 a - a +1 spear (weapon)
 c - a +0 dagger
 d - a +0 whip
 h - a +0 club
 i - a +0 dagger
 j - a +0 quarterstaff
 k - a +0 flail
Armour
 b - a +2 leather armour {d}
 e - a +0 ring mail
 f - a +0 robe
 g - a +0 robe
 l - a +0 pair of gloves (worn)
 m - a +2 ring mail of poison resistance (worn)
Scrolls
 n - a scroll of identify
 o - a scroll of magic mapping


   Skills:
 + Level 3.8 Fighting
 + Level 3.2 Polearms
 + Level 2.1 Armour
 + Level 1.2 Dodging
 + Level 0.7 Stealth
 + Level 2.7 Invocations


You had 3 spell levels left.
You didn't know any spells.
Your spell library was empty.

Dungeon Overview and Level Annotations

Branches:
Dungeon (3/15)

Altars:
Cheibriados

Annotations:
D:3 1 runed translucent door, coenern's ghost, amateur DgCj


Innate Abilities, Weirdness & Mutations

You regenerate magic rapidly.
You have a tail ending in a sharp stinger.


Message History

You tail-slap the gnoll, but do no damage.
The gnoll is moderately wounded.
You hit the gnoll but do no damage. You tail-slap the gnoll.
The gnoll is almost dead.
The gnoll hits you with a +0 whip.
* * * LOW HITPOINT WARNING * * *
The gnoll barely misses you.
You hit the gnoll.
You kill the gnoll!
Lugonu accepts your kill. The gnoll hits you but does no damage.
Reach: a) +1 spear
Press: ? - help, Dir - move target, f/p - gnoll
Aim: a gnoll, wielding a +0 spear (lightly wounded, about 34% to evade your +1 spear)
You reach to attack!
You hit the gnoll.
The gnoll is lightly wounded.
The gnoll hits you but does no damage.
Found 2 large rocks.
Reach: a) +1 spear
Press: ? - help, Dir - move target, f/p - gnoll
Aim: a gnoll, wielding a +0 spear (lightly wounded, about 34% to evade your +1 spear)
You reach to attack!
You closely miss the gnoll.
The gnoll is lightly wounded.
The gnoll hits you from afar with a +0 spear.
* * * LOW HITPOINT WARNING * * *
You hear the rusting of a very distant drain.
You see here 2 large rocks.
Reach: a) +1 spear
Press: ? - help, Dir - move target, f/p - gnoll
Aim: a gnoll, wielding a +0 spear (lightly wounded, about 34% to evade your +1 spear)
You reach to attack!
You hit the gnoll.
The gnoll is heavily wounded.
The gnoll closely misses you.
Reach: a) +1 spear
Press: ? - help, Dir - move target, f/p - gnoll
Aim: a gnoll, wielding a +0 spear (heavily wounded, about 34% to evade your +1 spear)
You reach to attack!
You hit the gnoll but do no damage.
The gnoll is heavily wounded.
The gnoll hits you from afar with a +0 spear.
You die...

#W##....##...#
###.#####>..#
#+#...####...#
#.# #...#
.....## #...#
#.# #...#
..g.## #####
#.# #...#
.##.# #.#
##### ###.#
#.# #.# # #.#
##########.#
#.#
#.gg.gg.@..#
#.#
#.##########
#g# #.# #.#
#.# #.# #g#
#g# #g# #g#
#g# #.# #.#
#.#####.#


You could see 4 gnolls.

Vanquished Creatures
  Terence (D:2)
  4 gnolls
  An adder (D:2)
  2 worms
  A dart slug (D:1)
  An orc (D:2)
  An endoplasm (D:2)
  A giant cockroach (D:2)
  5 goblins
  5 hobgoblins
  2 ball pythons (D:2)
  3 bats
  4 frilled lizards
  3 kobolds
  3 rats
  A spectral hobgoblin (D:1)
38 creatures vanquished.

Notes
Turn   | Place    | Note
-------+----------+-------------------------------------------
     0 | Abyss:1  | RenegadeRun the Demonspawn Abyssal Knight began the quest
                  | for the Orb.
     0 | Abyss:1  | Reached XP level 1. HP: 18/18 MP: 2/2
   104 | Abyss:1  | Noticed a neqoxec
   108 | Abyss:1  | Noticed a wretched star
   109 | D:1      | Escaped the Abyss
   184 | D:1      | Found a faded altar of an unknown god.
   494 | D:1      | Gained mutation: You have a small tail. [demonic ancestry]
   494 | D:1      | Reached XP level 2. HP: 24/24 MP: 3/3
  1089 | D:1      | Reached skill level 1 in Dodging
  1309 | D:2      | Reached * piety under Lugonu
  1376 | D:2      | Gained mutation: You have a tail ending in a sharp stinger.
                  | [demonic ancestry]
  1376 | D:2      | Reached XP level 3. HP: 29/29 MP: 5/5
  1523 | D:2      | Noticed Terence
  1536 | D:2      | Killed Terence
  1641 | D:2      | Gained mutation: You regenerate magic rapidly. [demonic
                  | ancestry]
  1641 | D:2      | Reached XP level 4. HP: 37/37 MP: 6/6
  1772 | D:2      | Noticed a phantom
  1879 | D:3      | Found a snail-covered altar of Cheibriados.
  2078 | D:3      | Found a runed translucent door.
  2078 | D:3      | Noticed coenern's ghost (amateur DgCj)
  2207 | D:3      | Slain by a gnoll

Illustrated notes

Levels and vault maps discovered:
D:1:      dpeg_arrival_oval, layout_loops_cross,
          dreamdust_ecumenical_altar_drowned_temple, serial_bayou_ford_a
D:2:      layout_loops_corners, basic_altar, minmay_ruptured, uniq_terence,
          uniq_robin
D:3:      layout_basic, cheibrodos_worm_habitat, lemuel_crystal_altar,
          hellmonk_ghost_happy_afterlife, gup_sewer_entry_bowl, serial_shops,
          shop

Skill      XL: |  1  2  3  4 |
---------------+-------------+-----
Polearms       | 2 3 |  3.2
Armour         | 2 |  2.1
Dodging        | 1 |  1.2
Fighting       | |  3.8
Stealth        | |  0.7
Invocations    | |  2.7

Action                   |  1- 3 |  4- 6 || total
-------------------------+-------+-------++-------
Melee: Spear             |   108 |    50 ||   158
       Tailslap          |     9 |     7 ||    16
       Punch             |     1 |       ||     1
Invok: Depart the Abyss  |     1 |       ||     1
  Use: Scroll            |     6 |     1 ||     7
       Potion            |     1 |       ||     1
 Stab: Sleeping          |     2 |       ||     2
Armor: Leather armour    |    19 |       ||    19
       Ring mail         |     1 |    16 ||    17
Dodge: Dodged            |    47 |    26 ||    73
